 Dungeon Crawl Stone Soup version 0.21-a0-402-gcbae7d1 (webtiles) character file.

65 Lentor the Ruffian (level 3, -3/29 HPs)
             Began as a Draconian Transmuter on Oct 25, 2017.
             Slain by a hound (4 damage)
             ... in the Ecumenical Temple on Oct 26, 2017.
             The game lasted 00:23:49 (2294 turns).

Lentor the Ruffian (Draconian Transmuter)           Turns: 2294, Time: 00:23:49

Health: -3/29      AC:  5    Str: 13    XL:     3   Next: 92%
Magic:  6/6        EV: 12    Int: 13    God:
Gold:   155        SH:  0    Dex: 11    Spells: 3/6 levels left

rFire    . . .     SeeInvis .   d - +0 whip
rCold    . . .     Gourm    .   (no shield)
rNeg     . . .     Faith    .   (armour unavailable)
rPois    .         Spirit   .   (helmet restricted)
rElec    .         Reflect  .   (no cloak)
rCorr    .         Harm     .   (no gloves)
MR       .....                  (no boots)
Stlth    +.........             (no amulet)
HPRegen  0.09/turn              (no ring)
MPRegen  0.10/turn              (no ring)

@: no status effects
A: unfitting armour, cold-blooded, AC +5
a: no special abilities


You were in the Ecumenical Temple.
You were hungry.

You visited 2 branches of the dungeon, and saw 5 of its levels.

You collected 155 gold pieces.

Inventory:

Hand Weapons
 d - a +0 whip (weapon)
Missiles
 a - 11 arrows
 m - 53 stones (quivered)
Scrolls
 e - 3 scrolls of identify
 g - 2 scrolls of teleportation
 l - a scroll of magic mapping {unknown}
 p - a scroll of amnesia {unknown}
Potions
 i - a potion of mutation {unknown}
 j - 2 potions of curing
 k - a potion of ambrosia {unknown}
 n - a potion of agility {unknown}
 o - 2 potions of flight {unknown}
Books
 b - a book of Changes

   Spells                             Type                      Level
   a - Beastly Appendage              Transmutation                1
   b - Sticks to Snakes               Transmutation                2
   c - Spider Form                    Transmutation/Poison         3
   d - Ice Form                       Ice/Transmutation            4
   e - Blade Hands                    Transmutation                5
Comestibles
 c - 4 bread rations
 f - a fruit
 h - 2 royal jellies


   Skills:
 * Level 2.1 Fighting
 * Level 1.6 Maces & Flails
 + Level 0.1 Throwing
 * Level 2.3 Dodging
 * Level 1.1 Stealth
 - Level 3.0 Unarmed Combat
 + Level 2.1 Spellcasting
 + Level 2.1 Transmutations


You had 3 spell levels left.
You knew the following spells:

 Your Spells              Type           Power        Failure   Level  Hunger
a - Beastly Appendage     Tmut           #.....       11%         1    ##.....
b - Sticks to Snakes      Tmut           #.......     16%         2    ###....


Dungeon Overview and Level Annotations

Branches:
Dungeon (4/15)             Temple (1/1) D:4

Altars:

Shops:
D:4 %:


Innate Abilities, Weirdness & Mutations

Your plain brown scales are hard. (AC +5)
You cannot fit into any form of body armour.
You are cold-blooded and may be slowed by cold attacks.


Message History

The orc suddenly cheers.
The orc priest calls down the wrath of Beogh upon you.
Beogh smites you!
* * * LOW HITPOINT WARNING * * *
There is a staircase to the Ecumenical Temple here.
The hound bites you but does no damage.
You climb downwards.
Welcome to the Ecumenical Temple!
There is a staircase back to the Dungeon here.
You closely miss the hound. The hound barely misses you. The hound bites you.
* * * LOW HITPOINT WARNING * * *
You hit the hound.
The hound is lightly wounded.
The hound barely misses you.
You hit the hound. You tail-slap the hound.
The hound is heavily wounded.
The hound closely misses you. The hound bites you but does no damage.
You barely miss the hound.
The hound is moderately wounded.
The hound bites you.
You die...

♣♣♣♣♣♣ ......
...P..
♣♣♣♣..P...
♣♣♣.........
♣♣.....PP....
♣♣...h.......♣
♣.....@..PP...
♣...P.....P...
♣♣♣P...P.P...P
♣♣♣♣♣.......
♣♣♣♣... ♣♣


You could see a hound.

Vanquished Creatures
  Jessica (D:2)
  An orc (D:3)
  5 bats
  2 giant cockroaches (D:1)
  3 goblins
  6 hobgoblins
  3 jackals (D:3)
  A quokka (D:4)
  A ball python (D:2)
  2 frilled lizards
  5 kobolds
  6 rats
36 creatures vanquished.

Notes
Turn   | Place    | Note
-------+----------+-------------------------------------------
     0 | D:1      | Lentor the Draconian Transmuter began the quest for the Orb.
     0 | D:1      | Reached XP level 1. HP: 16/16 MP: 3/3
   129 | D:1      | Reached XP level 2. HP: 23/23 MP: 5/5
   297 | D:1      | Learned a level 2 spell: Sticks to Snakes
   724 | D:2      | Noticed Jessica
   949 | D:2      | Killed Jessica
   949 | D:2      | Reached skill level 1 in Maces & Flails
   949 | D:2      | Reached skill level 1 in Stealth
   949 | D:2      | Reached XP level 3. HP: 18/29 MP: 2/6
  1514 | D:2      | Found a faded altar of an unknown god.
  2236 | D:4      | Found Beashryfa's Food Emporium.
  2267 | D:4      | Found Teygaf's Book Shoppe.
  2283 | D:4      | Found a staircase to the Ecumenical Temple.
  2290 | Temple   | Entered the Ecumenical Temple
  2291 | Temple   | HP: 1/29 [hound (5)]
  2294 | Temple   | Slain by a hound

Vault maps used:
D:1:      dpeg_arrival_shelter, minmay_misc_feat_tiny
D:2:      wad_pebble_path, chequers_ecumenical_altar_simple, uniq_jessica
D:3:      first_bread
D:4:      minmay_temple_entry_statues_pillars, cheibrodos_sewer_entry_bend,
          serial_shops, shop, shop, shop, minmay_ruined_shrine, uniq_ijyb
Temple:   kilobyte_greek_temple

Skill      XL: |  1  2  3 |
---------------+----------+-----
Dodging        | 2 |  2.3
Maces & Flails | 1 |  1.6
Stealth        | 1 |  1.1
Fighting       | 2 |  2.1
Throwing       | |  0.1
Unarmed Combat | |  3.0
Spellcasting   | |  2.1
Transmutations | |  2.1

Action                   || total
-------------------------++-------
Melee: Whip              ||   145
       Tailslap          ||    17
       Kick              ||     1
       Punch             ||     1
Throw: Stone             ||    24
 Cast: Beastly Appendage ||     2
       Sticks to Snakes  ||     1
  Use: Scroll            ||     2
  Eat: Chunk             ||     4
Armor: Skin              ||    53
Dodge: Dodged            ||   106

Table legend:
 A = Spawn XP
 B = Non-spawn XP
 C = Spawn XP percentage of total XP
 D = Spawn monster count
 E = Non-spawn monster count
 F = Spawn count percentage of total count
 G = Total turns spent on level
                    A         B        C        D         E        F      G
               +---------+---------+-------+---------+---------+-------+---------
         Total |       0 |      93 |   0.0 |       0 |      36 |   0.0 |  2294
               +---------+---------+-------+---------+---------+-------+---------
           D:1 |       0 |      20 |   0.0 |       0 |      13 |   0.0 |   657
           D:2 |       0 |      57 |   0.0 |       0 |      15 |   0.0 |  1091
           D:3 |       0 |      14 |   0.0 |       0 |       7 |   0.0 |   450
           D:4 |       0 |       2 |   0.0 |       0 |       1 |   0.0 |    92
               +---------+---------+-------+---------+---------+-------+---------
